 Dungeon Crawl Stone Soup version bcrawl-1.38.3 (webtiles) character file.

Game seed: 17704570493666629736

171870 Borgoz the Slasher (level 5, -1/42 HPs)
             Began as a Human Gladiator on June 25, 2023.
             Slain by a worm (8 damage)
             ... on level 3 of the Dungeon.
             The game lasted 00:04:07 (2093 turns).

Borgoz the Slasher (Human Gladiator)                Turns: 2093, Time: 00:04:07

Health: -1/42      AC:  6    Str: 15    XL:     5   Next: 86%
Magic:  5/5        EV: 11    Int:  8    God:
Gold:   170        SH:  6    Dex: 15    Spells: 4/4 levels left

rFire    + + .     GDR:     29% a - +2 long sword
rCold    . . .     SeeInvis +   k - +0 buckler
rNeg     . . .     Gourm    .   t - +0 ring mail
rPois    .         Faith    .   u - +0 helmet {SInv}
rElec    .         Spirit   .   (no cloak)
rCorr    .         Reflect  .   (no gloves)
MR       .....                  (no boots)
Stlth    +.........             (no amulet)
HPRegen  0.17/turn              b - ring of protection from fire
MPRegen  0.09/turn              h - ring of protection from fire

@: no status effects
A: no striking features
a: no special abilities


You were on level 3 of the Dungeon.
You were not hungry.

You visited 1 branch of the dungeon, and saw 3 of its levels.

You collected 170 gold pieces.

Inventory:

Hand Weapons
 a - a +2 long sword (weapon)
Missiles
 d - 3 throwing nets {=f}
 j - 35 needles of confusion (quivered)
Armour
 k - a +0 buckler (worn)
 t - a +0 ring mail (worn)
 u - a +0 helmet of see invisible (worn)
Jewellery
 b - a ring of protection from fire (left hand)
 h - a ring of protection from fire (right hand)
 r - an uncursed amulet of magic regeneration
Scrolls
 l - 5 scrolls of remove curse
 n - a scroll of fear
Potions
 f - a potion of heal wounds
 g - a potion of might
 m - 3 potions of lignification {unknown}
 o - a potion of resistance
 p - a potion of agility
 q - 2 potions of brilliance {unknown}
 s - a potion of curing {unknown}
Comestibles
 e - 6 rations {!d}


   Skills:
 * Level 3.9 Fighting
 * Level 4.4 Long Blades
 - Level 2.1 Throwing
 * Level 2.3 Armour
 * Level 4.2 Dodging
 + Level 1.2 Shields


You had 4 spell levels left.
You didn't know any spells.
Your spell library was empty.

Dungeon Overview and Level Annotations

Branches:
Dungeon (3/12)

Altars:


Message History

You are no longer poisoned.
The kobold barely misses you.
You miss the kobold.
The kobold hits you with a +0 short sword.
* * * LOW HITPOINT WARNING * * *
You closely miss the kobold. The kobold barely misses you.
You closely miss the kobold. You block the kobold's attack.
The worm misses you.
You slash the kobold!
You kill the kobold!
You slash the worm!
The worm is heavily wounded.
The worm bites you.
* * * LOW HITPOINT WARNING * * *
You barely miss the worm.
The worm is heavily wounded.
You slash the worm!
The worm is almost dead.
The worm bites you!
You die...

#.....)...#
#.#.#.#.### ...#....#
..## ###..# ..
#..####### .
##...#...##.#
###........#.#
#.#######............
.......@w.###.......#
#.###########.......#
#.......## #........#
##........#
###.......[.####
##...##....)##...
##..####....)...##
#........########


You could see a worm.

Vanquished Creatures
  An orc wizard (D:3)
  Jessica (D:2)
  Terence (D:2)
  Robin (D:2)
  2 worms (D:2)
  4 dart slugs
  3 leopard geckos
  7 orcs
  A giant cockroach (D:2)
  6 goblins
  9 hobgoblins
  5 jackals (D:2)
  7 kobolds
  A quokka (D:1)
  3 bats (D:1)
  3 frilled lizards
  4 rats
59 creatures vanquished.

Notes
Turn   | Place    | Note
-------+----------+-------------------------------------------
     0 | D:1      | Borgoz the Human Gladiator began the quest for the Orb.
     0 | D:1      | Reached XP level 1. HP: 18/18 MP: 1/1
    77 | D:1      | Reached XP level 2. HP: 24/24 MP: 2/2
   244 | D:1      | Reached skill level 1 in Armour
   308 | D:1      | Reached XP level 3. HP: 29/29 MP: 3/3
  1508 | D:2      | Noticed Jessica
  1512 | D:2      | Reached XP level 4. HP: 35/35 MP: 4/4
  1512 | D:2      | Killed Jessica
  1632 | D:2      | Noticed Terence
  1647 | D:2      | Killed Terence
  1648 | D:2      | Reached XP level 5. HP: 26/41 MP: 5/5
  1742 | D:2      | Noticed Robin
  1757 | D:2      | Killed Robin
  1758 | D:2      | Reached skill level 1 in Shields
  2093 | D:3      | Slain by a worm

Skill      XL: |  1  2  3  4  5 |
---------------+----------------+-----
Armour         | 1 2 |  2.3
Long Blades    | 4 |  4.4
Dodging        | 4 |  4.2
Shields        | 1 |  1.2
Fighting       | |  3.9
Throwing       | |  2.1

Action                   |  1- 3 |  4- 6 || total
-------------------------+-------+-------++-------
Melee: Long sword        |   114 |   100 ||   214
  Use: Scroll            |     7 |     1 ||     8
 Stab: Sleeping          |     1 |       ||     1
  Eat: Chunk             |     5 |     5 ||    10
Armor: Leather armour    |    17 |       ||    17
       Ring mail         |     6 |    19 ||    25
Dodge: Dodged            |    59 |    38 ||    97
Block: Buckler           |    19 |    14 ||    33
       Other             |     1 |       ||     1
